 Dungeon Crawl Stone Soup version bcrawl-1.36.4 (webtiles) character file.

Game seed: 5811927776358098659

107080 Mrkan the Skirmisher (level 2, 0/24 HPs)
             Began as a Demonspawn Gladiator on July 24, 2022.
             Killed from afar by a crimson imp (9 damage)
             ... with a flame tongue
             ... on level 2 of the Dungeon.
             The game lasted 00:01:19 (906 turns).

Mrkan the Skirmisher (Demonspawn Gladiator)          Turns: 906, Time: 00:01:20

Health: 0/24       AC:  4    Str: 14    XL:     2   Next: 86%
Magic:  2/2        EV: 12    Int:  9    God:
Gold:   201        SH:  0    Dex: 14    Spells: 1/1 levels left

rFire    . . .     SeeInvis .   a - +0 war axe
rCold    . . .     Gourm    .   (no shield)
rNeg     . . .     Faith    .   b - +0 leather armour
rPois    .         Spirit   .   c - +0 helmet
rElec    .         Reflect  .   (no cloak)
rCorr    .                      (no gloves)
MR       .....                  (no boots)
Stlth    +.........             (no amulet)
HPRegen  0.08/turn              (no ring)
MPRegen  0.08/turn              (no ring)

@: no status effects
A: claws 1
a: no special abilities


You were on level 2 of the Dungeon.
You were hungry.

You visited 1 branch of the dungeon, and saw 2 of its levels.

You collected 201 gold pieces.

Inventory:

Hand Weapons
 a - a +0 war axe (weapon)
Missiles
 d - 4 throwing nets {=f}
Armour
 b - a +0 leather armour (worn)
 c - a +0 helmet (worn)
Jewellery
 g - a cursed -3 ring of intelligence {unknown}
 i - an uncursed amulet of guardian spirit {unknown}
Scrolls
 j - a scroll of enchant armour {unknown}
 k - a scroll of remove curse {unknown}
 m - a scroll of enchant weapon {unknown}
Potions
 f - a potion of heal wounds
 h - a potion of lignification {unknown}
 l - a potion of cancellation {unknown}
Comestibles
 e - 2 rations {!d}


   Skills:
 + Level 3.3 Fighting
 - Level 3.0 Axes
 - Level 1.7 Throwing
 + Level 3.0 Dodging
 * Level 1.0 Unarmed Combat


You had one spell level left.
You didn't know any spells.
Your spell library was empty.

Dungeon Overview and Level Annotations

Branches:
Dungeon (2/12)

Altars:


Innate Abilities, Weirdness & Mutations

You have sharp fingernails.


Message History

The crimson imp hits you but does no damage.
The leopard gecko bites you but does no damage.
The crimson imp hits you but does no damage.
You barely miss the leopard gecko.
The leopard gecko is severely wounded.
You closely miss the crimson imp. The leopard gecko closely misses you.
The crimson imp hits you but does no damage.
You slash the leopard gecko!
You kill the leopard gecko!
You slash the crimson imp! The crimson imp closely misses you.
Your Unarmed Combat skill increases to level 1!
You hit the crimson imp.
The crimson imp is severely wounded.
The crimson imp hits you. The crimson imp completely misses you.
You hit the crimson imp.
The crimson imp is almost dead.
You are feeling hungry.
The crimson imp breathes fire at you. The flame tongue hits you!
You die...

#...............#
................#
................#
.................
.................
.................
.................
....###..5###### ## ...
#...#@.# ###.
......####.##########
#... ....##
#............# #... ..
#............###... .
#............'.....
#≈≈...........#####.
.≈≈..........### #.
.≈≈#..........# #.
#####..........#######.


You could see a crimson imp.

Vanquished Creatures
  An ooze (D:2)
  2 leopard geckos
  A goblin (D:1)
  2 hobgoblins (D:1)
  4 jackals (D:2)
  3 kobolds (D:1)
  A quokka (D:2)
  A bat (D:1)
  2 frilled lizards
  A rat (D:1)
18 creatures vanquished.

Notes
Turn   | Place    | Note
-------+----------+-------------------------------------------
     0 | D:1      | Mrkan the Demonspawn Gladiator began the quest for the Orb.
     0 | D:1      | Reached XP level 1. HP: 18/18 MP: 1/1
   278 | D:1      | Gained mutation: You have sharp fingernails. [demonic
                  | ancestry]
   278 | D:1      | Reached XP level 2. HP: 24/24 MP: 2/2
   881 | D:2      | Noticed a crimson imp
   905 | D:2      | Reached skill level 1 in Unarmed Combat
   906 | D:2      | Killed from afar by a crimson imp

Skill      XL: |  1  2 |
---------------+-------+-----
Axes           | 3 |  3.0
Dodging        | 3 |  3.0
Unarmed Combat | 1 |  1.0
Fighting       | |  3.3
Throwing       | |  1.7

Action                   || total
-------------------------++-------
Melee: War axe           ||    71
  Eat: Chunk             ||     2
Armor: Leather armour    ||    32
Dodge: Dodged            ||    58
